 Dungeon Crawl Stone Soup version 0.31-a0-640-g39d97e502b (webtiles) character file.

Game seed: 248836537086679020

0 qw the Shooter (level 1, -2/12 HPs)
             Began as a Gargoyle Hunter on Aug 27, 2023.
             Slain by a jackal (3 damage)
             ... on level 1 of the Dungeon.
             The game lasted 00:00:02 (74 turns).

qw the Shooter (Gargoyle Hunter)                      Turns: 74, Time: 00:00:03

Health: -2/12      AC:  5    Str: 14    XL:     1   Next: 10%
Magic:  1/1        EV: 11    Int:  9    God:
Gold:   12         SH:  0    Dex: 13    Spells: 0/0 levels left

rFire   . . .        a - +0 shortbow
rCold   . . .        (shield currently unavailable)
rNeg    + . .        c - +0 leather armour
rPois   inf          (no helmet)
rElec   +            (no cloak)
rCorr   .            (no gloves)
SInv    .            (no boots)
Will    .....        (no amulet)
Stlth   +            (no ring)
HPRegen 0.22/turn    (no ring)
MPRegen 0.07/turn

%: no passive effects
@: no status effects
A: sickness immunity, AC +2, negative energy resistance 1, electricity
resistance, torment resistance 1, petrification resistance
a: no special abilities


You were on level 1 of the Dungeon.
You visited 1 branch of the dungeon, and saw 2 of its levels.

You collected 12 gold pieces.


Innate Abilities, Weirdness & Mutations

You are immune to sickness and miasma.
Your stone body is resilient. (AC +2)
You are immune to poison.
You resist negative energy. (rN+)
You are resistant to electric shocks. (rElec)
You are resistant to unholy torment.
You are immune to petrification.


   Skills:
 - Level 2.1 Fighting
 + Level 4.0 Ranged Weapons
 - Level 1.5 Dodging
 - Level 1.1 Stealth


You couldn't memorise any spells.
You didn't know any spells.
Your spell library was empty.

Inventory:

Hand Weapons
 a - a +0 shortbow (weapon)
Armour
 c - a +0 leather armour (worn)

Dungeon Overview and Level Annotations

Branches:
Dungeon (2/15)

Altars:


Message History

67 ||| Stepping ~*~*~tactically~*~*~ (retreating).
The jackal bites you but does no damage.
The jackal bites you. The ball python closely misses you.
The ball python barely misses you. The jackal closely misses you. x2
The jackal bites you but does no damage.
There is a fountain of clear blue water here.
68 ||| Stepping ~*~*~tactically~*~*~ (retreating).
The ball python barely misses you. The ball python grabs you.
The ball python constricts you.
You shoot an arrow. The arrow hits the ball python.
You kill the ball python!
The jackal misses you. The jackal closely misses you.
The jackal bites you but does no damage.
The jackal closely misses you. The jackal barely misses you.
You shoot an arrow. The arrow closely misses the jackal.
The jackal completely misses you. The jackal bites you.
The jackal barely misses you. The jackal closely misses you.
The jackal bites you but does no damage.
The jackal closely misses you. The jackal barely misses you. x2
You shoot an arrow. The arrow closely misses the jackal.
The jackal bites you. The jackal barely misses you.
The jackal closely misses you. x2; The jackal bites you.
The jackal closely misses you.
You shoot an arrow. The arrow barely misses the jackal.
The jackal bites you but does no damage. x2
The jackal barely misses you. x2; The jackal closely misses you.
The jackal bites you but does no damage.
You shoot an arrow. The arrow barely misses the jackal.
The jackal bites you but does no damage.
The jackal closely misses you.
The jackal bites you but does no damage.
The jackal closely misses you.
The jackal bites you but does no damage.
The jackal bites you.
The jackal bites you but does no damage.
The jackal closely misses you.
You shoot an arrow. The arrow barely misses the jackal.
The jackal closely misses you. The jackal barely misses you.
The jackal bites you.
The jackal barely misses you. x2; The jackal bites you.
You die...

#...........
#.....[....#
#..........# .
#..........####.#
#........>......#
##...........##
#.##.8.}.8..#
#.hh.....#
#.h@_.}.##
#.h.....#
#...8.}.8.#
###.......#
######...# ##.#
... .#


You could see 4 jackals.

Vanquished Creatures
  A ball python (D:1)
1 creature vanquished.

Notes
Turn   | Place    | Note
-------+----------+-------------------------------------------
     0 | D:1      | qw the Gargoyle Hunter began the quest for the Orb.
     0 | D:1      | Reached XP level 1. HP: 12/12 MP: 1/1
     0 | D:1      | 0 ||| qw: Version: 0.3-a-74-g0d5e918
     0 | D:1      | 0 ||| qw: Game counter: 25
     0 | D:1      | 0 ||| qw: Melee chars always use a shield: true
     0 | D:1      | 0 ||| qw: God list: Okawaru
     0 | D:1      | 0 ||| qw: Allow faded altars: false
     0 | D:1      | 0 ||| qw: Do Orc after clearing Dungeon:15 true
     0 | D:1      | 0 ||| qw: Do second Lair branch before Depths: true
     0 | D:1      | 0 ||| qw: Lair rune preference: random
     0 | D:1      | 0 ||| qw: Goals: Normal
     0 | D:1      | 0 ||| PLANNING D:1-11
    33 | D:1      | You fall into a shaft and drop 1 floor!
    52 | D:2      | 52 ||| DROPPING scroll of butterflies.
    60 | D:2      | 60 ||| STAIRDANCE
    61 | D:1      | Found a faded altar of an unknown god.
    62 | D:1      | 62 ||| Stepping ~*~*~tactically~*~*~ (retreating).
    63 | D:1      | 63 ||| Stepping ~*~*~tactically~*~*~ (retreating).
    64 | D:1      | 64 ||| Stepping ~*~*~tactically~*~*~ (retreating).
    65 | D:1      | 65 ||| Stepping ~*~*~tactically~*~*~ (retreating).
    66 | D:1      | 66 ||| Stepping ~*~*~tactically~*~*~ (retreating).
    67 | D:1      | 67 ||| Stepping ~*~*~tactically~*~*~ (retreating).
    68 | D:1      | 68 ||| Stepping ~*~*~tactically~*~*~ (retreating).
    74 | D:1      | HP: 1/12 [jackal (3)]
    74 | D:1      | Slain by a jackal

Levels and vault maps discovered:
D:1:      matt_arrival_refuge, layout_rooms,
          hellmonk_ecumenical_altar_dog_temple, nicolae_kite_square_tiling_tiny
D:2:      minmay_recursive_quarters, layout_loops_cross, dreamdust_wishing_well,
          minivault_24, minmay_door_square, uniq_robin

Action                     || total
---------------------------++-------
   Fire: Shortbow          ||     6
 Armour: Leather armour    ||    13
  Dodge: Dodged            ||    33

Table legend:
 A = Non-vault XP
 B = Vault XP
 C = Vault XP percentage of total XP
 D = Non-vault monster count
 E = Vault monster count
 F = Vault count percentage of total count
                 A         B        C        D         E       F
            +---------+---------+-------+---------+---------+-------
      Total |       1 |       0 |   0.0 |       1 |       0 |   0.0
            +---------+---------+-------+---------+---------+-------
        D:1 |       1 |       0 |   0.0 |       1 |       0 |   0.0
            +---------+---------+-------+---------+---------+-------
